 Dungeon Crawl Stone Soup version 0.20.0-15-g7f486f2 (webtiles) character file.

381 Kosschaser the Covered (level 6, -2/50 HPs)
             Began as a Barachi Fighter on June 21, 2017.
             Succumbed to a gnoll's poison
             ... on level 3 of the Dungeon.
             The game lasted 00:08:41 (3055 turns).

Kosschaser the Covered (Barachi Fighter)            Turns: 3055, Time: 00:08:43

Health: -2/50      AC: 12    Str: 17    XL:     6   Next: 75%
Magic:  6/6        EV:  3    Int:  8    God:
Gold:   209        SH:  9    Dex: 14    Spells: 5/5 levels left

rFire    . . .     SeeInvis .   a - +0 long sword
rCold    . . .     Gourm    .   c - +0 shield
rNeg     . . .     Faith    .   r - +0 plate armour
rPois    .         Spirit   .   (no helmet)
rElec    .         Reflect  .   (no cloak)
rCorr    .         Harm     .   (no gloves)
MR       .....                  (no boots)
Stlth    ..........             (no amulet)
Regen    0.2/turn               (no ring)
MPRegen  0.1/turn               (no ring)

@: lethally poisoned (-2 -> -32), can't hop, slow
A: +LOS, swims, slowness 1, strong legs 1
a: Hop


You were on level 3 of the Dungeon.
You were not hungry.

You visited 1 branch of the dungeon, and saw 4 of its levels.

You collected 209 gold pieces.

Inventory:

Hand Weapons
 a - a +0 long sword (weapon)
Armour
 c - a +0 shield (worn)
 r - a +0 plate armour (worn)
Jewellery
 b - a +2 ring of strength {unknown}
 e - an uncursed amulet of regeneration {unknown}
Scrolls
 g - 3 scrolls of identify {unknown}
 i - a scroll of recharging {unknown}
 j - 3 scrolls of remove curse {unknown}
 l - 2 scrolls of teleportation {unknown}
 m - 2 scrolls of enchant weapon {unknown}
 n - a scroll of magic mapping {unknown}
 q - a scroll of enchant armour {unknown}
Potions
 d - a potion of might
Comestibles
 f - 4 bread rations
 h - a royal jelly
 k - a chunk of flesh
 o - 4 fruits
 p - 2 meat rations


   Skills:
 + Level 4.8 Fighting
 + Level 5.3 Long Blades
 + Level 5.3 Armour
 + Level 0.9 Dodging
 + Level 4.7 Shields


You had 5 spell levels left.
You didn't know any spells.

Dungeon Overview and Level Annotations

Branches:
Dungeon (4/15)
 Temple: D:4-7

Altars:
Ashenzari
Kikubaaqudgha
Ru
Uskayaw


Innate Abilities, Weirdness & Mutations

Shadows flee at your approach. (+LOS)
You can swim through water.
You cover ground slowly.
You can hop short distances.


Message History

* * * LOW HITPOINT WARNING * * *
You feel very sick. You block the jackal's attack.
* * * LOW HITPOINT WARNING * * *
You feel very sick.
Okay, then.
* * * LOW HITPOINT WARNING * * *
You feel sick.
The jackal bites you but does no damage.
You block the jackal's attack.
* * * LOW HITPOINT WARNING * * *
You feel very sick. You block the jackal's attack.
The gnoll hits you from afar with a spear of venom.
* * * LOW HITPOINT WARNING * * *
You are more poisoned.
* * * LOW HITPOINT WARNING * * *
You feel sick. You block the jackal's attack.
The gnoll hits you but does no damage. You block the jackal's attack.
You die...

#.#.###.#### ##.##.## #.#
#.#.# #.# #.#### #.#
#.#.###.# #.# #.# #....>..#
##'## #.# ##...#### ##...##
#.. #..#..## ##.....## ###
#.###..## ##.......######.
#..#....####.........##....
#......ggh@'>......[.'.....
#.##....g###.......(.##.#).
#........# ##.......###.##.
#.##.##..# ##.....## #....
#.#..##..# ###...### ####.
#.#.###..# #.......# #.
#>......<# #.##.##.# #.
#.#.####.# #.##.##.######.
#....)...# #.##...........


You could see 3 gnolls and a jackal.

Vanquished Creatures
  A bullfrog (D:3)
  A scorpion (D:3)
  A hound (D:3)
  An orc wizard (D:3)
  An orc priest (D:3)
  A worker ant (D:3)
  7 adders
  An ooze (D:1)
  A worm (D:3)
  6 dart slugs
  4 leopard geckos
  2 orcs (D:3)
  2 ball pythons
  8 bats
  A giant cockroach (D:2)
  8 goblins
  6 hobgoblins
  6 jackals
  A quokka (D:2)
  6 frilled lizards
  8 kobolds
  4 rats
77 creatures vanquished.

Notes
Turn   | Place    | Note
-------+----------+-------------------------------------------
     0 | D:1      | Kosschaser the Barachi Fighter began the quest for the Orb.
     0 | D:1      | Reached XP level 1. HP: 18/18 MP: 1/1
   110 | D:1      | Reached XP level 2. HP: 21/25 MP: 2/2
   321 | D:1      | Reached XP level 3. HP: 23/30 MP: 3/3
   892 | D:2      | Found an ancient bone altar of Kikubaaqudgha.
   910 | D:2      | Reached XP level 4. HP: 33/37 MP: 4/4
  1438 | D:3      | Noticed a bullfrog
  1451 | D:3      | Killed a bullfrog
  1451 | D:3      | Reached XP level 5. HP: 17/43 MP: 5/5
  1505 | D:3      | HP: 2/43 [orc (2)]
  1827 | D:3      | Found a hide-covered altar of Uskayaw.
  1827 | D:3      | Found a sacrificial altar of Ru.
  1828 | D:3      | Found a shattered altar of Ashenzari.
  2041 | D:3      | Reached skill level 5 in Long Blades
  2041 | D:3      | Reached skill level 5 in Armour
  2041 | D:3      | Reached XP level 6. HP: 35/49 MP: 6/6
  3054 | D:3      | HP: 1/50 [poisoned by a gnoll]
  3055 | D:3      | Succumbed to a gnoll's poison

Skill      XL: |  1  2  3  4  5 |
---------------+----------------+-----
Fighting       | 4 |  4.8
Armour         | 4 5 |  5.3
Long Blades    | 3 4 5 |  5.3
Shields        | 4 |  4.7
Dodging        | |  0.9

Action                   |  1- 3 |  4- 6 || total
-------------------------+-------+-------++-------
Melee: Long sword        |   105 |   192 ||   297
 Abil: Hop               |       |     2 ||     2
  Use: Potion            |       |     3 ||     3
  Eat: Chunk             |       |     9 ||     9
Armor: Scale mail        |    49 |     7 ||    56
       Plate armour      |       |   112 ||   112
       Skin              |       |    14 ||    14
Dodge: Dodged            |    31 |    32 ||    63
Block: Shield            |    63 |   104 ||   167
       Rpst.: Long sword |    12 |    13 ||    25
